 Dungeon Crawl Stone Soup version 0.30-a0-830-gfe289a77b0 (webtiles) character file.

Game seed: 17284898267616289010

126 cforsyth the Sneak (level 5, -2/32 HPs)
             Began as a Kobold Brigand on Feb 28, 2023.
             Constricted to death by Natasha (4 damage)
             ... on level 3 of the Dungeon.
             The game lasted 00:01:50 (1979 turns).

cforsyth the Sneak (Kobold Brigand)                 Turns: 1979, Time: 00:01:51

Health: -2/32      AC:  4    Str:  9    XL:     5   Next: 31%
Magic:  5/5        EV: 12    Int: 12    God:
Gold:   150        SH:  0    Dex: 18    Spells: 4/4 levels left

rFire   . . .      SeeInvis .    a - +2 dagger
rCold   . . .      Faith    .    (no shield)
rNeg    . . .      Spirit   .    b - +0 robe
rPois   .          Reflect  .    (no helmet)
rElec   .          Harm     .    c - +0 cloak
rCorr   .          Rampage  .    (no gloves)
Will    .....                    n - +0 pair of boots
Stlth   ++++                     (no amulet)
HPRegen 0.25/turn                (no ring)
MPRegen 0.09/turn                (no ring)

@: grasped by roots, hasted and slowed, constricted
A: small, no large weapons, nightstalker 3
a: no special abilities


You were on level 3 of the Dungeon.
You visited 1 branch of the dungeon, and saw 3 of its levels.

You collected 150 gold pieces.

Inventory:

Hand Weapons
 a - a +2 dagger (weapon)
Missiles
 d - 9 poisoned darts (quivered)
 e - 3 curare-tipped darts
Armour
 b - a +0 robe (worn)
 c - a +0 cloak (worn)
 n - a +0 pair of boots (worn)
Scrolls
 h - a scroll of enchant armour {unknown}
 i - 2 scrolls of fog {unknown}
 k - 3 scrolls of identify {unknown}
 l - a scroll of teleportation {unknown}
Potions
 g - a potion of degeneration {unknown}
 j - a potion of curing {unknown}
 m - a potion of resistance {unknown}


   Skills:
 + Level 3.3 Fighting
 + Level 4.1 Short Blades
 - Level 2.1 Throwing
 + Level 3.0 Dodging
 + Level 6.2 Stealth


You had 4 spell levels left.
You didn't know any spells.
Your spell library contained the following spells:

 Spells                   Type           Power      Damage    Failure   Level
 Summon Forest            Summ/Tloc      0%         N/A       100%        5
 Eringya's Noxious Bog    Tmut/Pois      0%         N/A       100%        6
 Summon Hydra             Summ           0%         N/A       100%        7


Dungeon Overview and Level Annotations

Branches:
Dungeon (3/15)

Altars:

Annotations:
D:3 Natasha


Innate Abilities, Weirdness & Mutations

You are small and have problems with some larger weapons.
You are completely attuned to the shadows.


Message History

You hit Natasha but do no damage.
Natasha zaps a wand.
The roots erupt in riotous growth!
The grasping roots grab you!
Natasha is unaffected.
The grasping roots constrict you.
You hit Natasha.
Natasha is lightly wounded.
Natasha mumbles some strange words.
The grasping roots constrict you.
You hit Natasha but do no damage.
Natasha is lightly wounded.
Natasha stares at you and mumbles some strange words.
You feel yourself slow down. The grasping roots constrict you.
You hit Natasha.
Natasha is moderately wounded.
The giant cockroach misses you. Natasha completely misses you.
The grasping roots constrict you.
The giant cockroach bites you but does no damage.
The crimson imp hits you but does no damage.
The grasping roots release their grip on you.
You hit Natasha but do no damage.
Natasha is moderately wounded.
The giant cockroach bites you but does no damage.
Natasha zaps a wand.
The roots erupt in riotous growth!
The grasping roots grab you!
The giant cockroach is unaffected.
Natasha is unaffected.
The crimson imp is unaffected.
The grasping roots constrict you.
* * * LOW HITPOINT WARNING * * *
The crimson imp hits you but does no damage.
Unknown command.
You hit Natasha but do no damage.
Natasha is moderately wounded.
The giant cockroach closely misses you. Natasha closely misses you.
The grasping roots constrict you!
* * * LOW HITPOINT WARNING * * *
The crimson imp blinks!
The giant cockroach bites you but does no damage.
Unknown command.
It was a potion of haste.
You feel yourself speed up. Natasha misses you.
The grasping roots constrict you.
You die...

............
.....
#####.#..#..
#....
#.#.....
#....
#.#..(..
#....
#####.#..#..
.....
..5....###.#
...
...........
...
...........
...
.....B@h...
..
...........
...........
...
...........
...
...........
... ... ...
... ...


You could see Natasha, a crimson imp (summoned) and a giant cockroach.

Vanquished Creatures
  An orc priest (D:2)
  Natasha (D:3)
  3 adders
  A worm (D:2)
  3 orcs (D:2)
  4 ball pythons
  2 endoplasms
  A giant cockroach (D:1)
  2 goblins
  3 hobgoblins (D:1)
  6 jackals
  2 kobolds (D:2)
  2 quokkas (D:1)
  4 bats
  2 frilled lizards
  2 rats
39 creatures vanquished.

Notes
Turn   | Place    | Note
-------+----------+-------------------------------------------
     0 | D:1      | cforsyth the Kobold Brigand began the quest for the Orb.
     0 | D:1      | Reached XP level 1. HP: 12/12 MP: 1/1
   233 | D:1      | Reached XP level 2. HP: 18/18 MP: 2/2
   754 | D:1      | Reached XP level 3. HP: 22/22 MP: 3/3
  1552 | D:2      | Reached skill level 6 in Stealth
  1552 | D:2      | Reached XP level 4. HP: 28/28 MP: 4/4
  1853 | D:3      | Noticed Natasha
  1857 | D:3      | Killed Natasha
  1858 | D:3      | Reached XP level 5. HP: 32/32 MP: 5/5
  1968 | D:3      | Noticed Natasha
  1979 | D:3      | Constricted to death by Natasha

Illustrated notes

Levels and vault maps discovered:
D:1:      lightli_arrival_flooded_house, layout_loops_ring,
          serial_co_window_serial, co_window_paths_a, co_window_paths_a,
          co_window_of_opportunity_a, co_window_corner_a,
          co_window_of_opportunity_a, co_window_corner_ca, co_window_broadway_a,
          co_window_cross_2, co_window_corner_b, glass_columns_c
D:2:      layout_loops_ring
D:3:      minmay_chambers_of_twos, layout_basic,
          nicolae_kite_square_tiling_tiny, nicolae_shop_unique_rings,
          minmay_goblin_kobold_house, uniq_natasha

Skill      XL: |  1  2  3  4  5 |
---------------+----------------+-----
Short Blades   | 3 4 |  4.1
Dodging        | 2 3 |  3.0
Fighting       | 3 |  3.3
Stealth        | 6 |  6.2
Throwing       | |  2.1

Action                     |  1- 3 |  4- 6 || total
---------------------------+-------+-------++-------
  Melee: Dagger            |    75 |    24 ||    99
    Use: Potion            |       |     1 ||     1
   Stab: Sleeping          |    14 |     5 ||    19
 Armour: Robe              |     9 |     5 ||    14
  Dodge: Dodged            |    64 |    12 ||    76

Table legend: (Time is in decaauts)
 A = Elapsed time spent in this place.
 B = Non-inter-level travel time spent in this place.
 C = Inter-level travel time spent in this place.
 D = Time resting spent in this place.
 E = Time spent auto-exploring this place.
 F = Levels seen in this place.
 G = Mean time per level.
                   A        B        C        D        E       F      G
               +--------+--------+--------+--------+--------+-----+--------+
         Total |   1963 |   1892 |     71 |      0 |   1671 |   3 |  654.3 |
       Dungeon |   1963 |   1892 |     71 |      0 |   1671 |   3 |  654.3 |
               +--------+--------+--------+--------+--------+-----+--------+

Top non-repeatable levels by time:
     D:1: 972 daAuts
     D:2: 798 daAuts
     D:3: 192 daAuts
